 Dungeon Crawl Stone Soup version 0.18.1-50-g88ac8fd (webtiles) character file.

2916 theRoog the Protected (level 9, -1/81 HPs)
             Began as a Minotaur Berserker on Sept 29, 2016.
             Was an Elder of Trog.
             Slain by a blink frog (3 damage)
             ... on level 8 of the Dungeon.
             The game lasted 00:14:40 (6470 turns).

theRoog the Protected (Minotaur Berserker)          Turns: 6470, Time: 00:14:41

Health: -1/81      AC: 14    Str: 25    XL:     9   Next: 50%
Magic:  2/2        EV: 11    Int:  8    God:    Trog [****..]
Gold:   342        SH:  0    Dex: 10    Spells: 0 memorised, 8 levels left

rFire  + + .     SeeInvis .     w - +2 great sword "Sousem" {antimagic, rPois rF++ rN+ Int+4}
rCold  . . .     Gourm    +     y - +0 chain mail
rNeg   + . .     Faith    .     (shield currently unavailable)
rPois  +         Spirit   .     (helmet restricted)
rElec  .         Dismiss  .     (no cloak)
rCorr  .         Reflect  .     e - +0 pair of gloves
SustAt .         Harm     .     v - +0 pair of boots
MR     .....                    t - amulet of the gourmand
Stlth  ..........               (no ring)
                                u - ring of flight

@: lethally poisoned (-1 -> -2), exhausted, slowed, very slow, not resistant to
hostile enchantments, extremely unstealthy
A: retaliatory headbutt, horns 2
a: Berserk, Trog's Hand, Brothers in Arms, Burn Spellbooks, Renounce Religion,
Evoke Flight


You were on level 8 of the Dungeon.
You worshipped Trog.
Trog was greatly pleased with you.
You were not hungry.

You visited 1 branch of the dungeon, and saw 8 of its levels.

You collected 342 gold pieces.

Inventory:

Hand Weapons
 a - a +0 spear
 b - a cursed -3 short sword
 f - a +2 short sword of venom
 k - a +5 halberd
 p - a +0 falchion
 w - the +2 great sword "Sousem" (weapon) {antimagic, rPois rF++ rN+ Int+4}
   (You found it on level 6 of the Dungeon)

   It disrupts the flow of magical energy around spellcasters and certain
   magical creatures (including the wielder).
   It affects your intelligence (+4).
   It greatly protects you from fire.
   It protects you from poison.
   It protects you from negative energy.
Missiles
 d - 2 poisoned tomahawks (quivered)
 x - 4 silver tomahawks
Armour
 e - a +0 pair of gloves (worn)
 v - a +0 pair of boots (worn)
 y - a +0 chain mail (worn)
Jewellery
 t - an amulet of the gourmand (around neck)
 u - a ring of flight (left hand)
Scrolls
 g - a scroll of amnesia
 h - 5 scrolls of immolation
 i - 3 scrolls of remove curse
 m - a scroll of noise
 o - a scroll of blinking {unknown}
 q - 6 scrolls of identify
 r - a scroll of enchant weapon
Potions
 l - a potion of lignification
 s - 5 potions of curing
Comestibles
 c - 4 bread rations
 j - 4 beef jerkies
 n - 4 meat rations


   Skills:
 + Level 8.0 Fighting
 + Level 0.4(2.7) Short Blades
 + Level 4.8 Long Blades
 + Level 8.0 Polearms
 + Level 8.8 Armour
 + Level 6.7 Dodging
 + Level 1.0 Stealth


You had 8 spell levels left.
You didn't know any spells.

Dungeon Overview and Level Annotations

Branches:
Dungeon (8/15)             Temple (0/1) D:6            Lair (0/8) D:8

Altars:
Makhleb
Yredelemnul
Zin
The Shining One


Innate Abilities, Weirdness & Mutations

You reflexively headbutt those who attack you in melee.
You have a pair of horns on your head.


Message History

* * * LOW HITPOINT WARNING * * *
You closely miss the blink frog. Your headbutt misses the blink frog.
The blink frog is severely wounded.
You feel sick.
The blink frog hits you but does no damage.
The blink frog misses you. The blink frog hits you.
* * * LOW HITPOINT WARNING * * *
The blink frog blinks!
The blink frog hits you!
* * * LOW HITPOINT WARNING * * *
The blink frog hits you but does no damage.
Items here: ))) [[[ ††† You miss the blink frog.
The blink frog is severely wounded.
You feel sick. The blink frog hits you.
* * * LOW HITPOINT WARNING * * *
The blink frog blinks!
An orc comes into view.
The blink frog hits you.
You die...

.y.....>.(.....
...............
#..............
...............
#..F.......(...
#.#)# ..
#.#.###.###
#.#)#......
#.F@......#
###o#####.#
#.....#
#######...#
.......<..#
##........#
#.#####..# ..
.## .#


You could see a blink frog and an orc.

Vanquished Creatures
  A blink frog (D:8)
  A yak (D:8)
  A mottled dragon (D:6)
  A hippogriff (D:7)
  A soldier ant (D:6)
  2 orc warriors
  A wasp (D:8)
  An ogre (D:6)
  A centaur (D:7)
  6 giant frogs
  2 scorpions (D:6)
  4 howler monkeys (D:8)
  4 crimson imps
  2 centaur zombies
  2 jellies (D:7)
  A giant frog skeleton (D:7)
  3 orc priests
  10 orc wizards
  An iguana (D:3)
  4 worker ants
  2 howler monkey skeletons (D:4)
  7 gnolls (D:2)
  7 adders
  5 shadow imps
  A white imp (D:4)
  An ooze (D:3)
  An adder zombie (D:4)
  A worm (D:2)
  A dart slug (D:3)
  3 giant geckos
  37 orcs
  6 bats
  5 giant cockroaches
  9 goblins
  5 hobgoblins
  8 jackals
  4 quokkas
  3 ball pythons
  4 giant newts
  A goblin skeleton (D:4)
  A goblin zombie (D:4)
  2 hobgoblin zombies (D:4)
  A jackal skeleton (D:6)
  7 kobolds
  2 kobold skeletons (D:4)
  A kobold zombie (D:4)
  A quokka skeleton (D:5)
  10 rats
185 creatures vanquished.

Notes
Turn   | Place    | Note
--------------------------------------------------------------
     0 | D:1      | theRoog the Minotaur Berserker began the quest for the Orb.
     0 | D:1      | Reached XP level 1. HP: 19/19 MP: 0/0
   182 | D:1      | Reached XP level 2. HP: 22/27 MP: 1/1
   700 | D:2      | Reached ** piety under Trog
   712 | D:2      | Reached XP level 3. HP: 28/34 MP: 2/2
   849 | D:2      | Reached XP level 4. HP: 4/41 MP: 3/3
  1669 | D:2      | Reached skill level 5 in Fighting
  1669 | D:2      | Reached XP level 5. HP: 48/48 MP: 4/4
  1855 | D:2      | Found a basalt altar of Yredelemnul.
  2062 | D:3      | Reached skill level 5 in Polearms
  2278 | D:3      | You fall through a shaft!
  2328 | D:4      | Reached *** piety under Trog
  2343 | D:4      | Found a glowing golden altar of the Shining One.
  2368 | D:4      | Reached XP level 6. HP: 41/56 MP: 5/5
  2485 | D:4      | Reached skill level 1 in Stealth
  2799 | D:3      | Found a glowing silver altar of Zin.
  3436 | D:5      | Entered Level 5 of the Dungeon
  3464 | D:5      | Received a gift from Trog
  3471 | D:5      | Reached XP level 7. HP: 50/61 MP: 6/6
  3700 | D:5      | Reached **** piety under Trog
  4107 | D:5      | Reached skill level 5 in Dodging
  4497 | D:6      | Got a faintly glowing great sword
  4509 | D:6      | Identified the +2 great sword "Sousem" {antimagic, rPois rF++ rN+ Int+4} (You found it on level 6 of the Dungeon)
  4667 | D:6      | Found a staircase to the Ecumenical Temple.
  4902 | D:6      | Received a gift from Trog
  5033 | D:6      | Reached skill level 1 in Long Blades
  5033 | D:6      | Reached skill level 5 in Armour
  5033 | D:6      | Reached XP level 8. HP: 57/71 MP: 2/7
  5041 | D:6      | Found a burning altar of Makhleb.
  5043 | D:6      | Noticed a cacodemon
  6323 | D:7      | Reached XP level 9. HP: 79/79 MP: 2/8
  6409 | D:8      | Found a staircase to the Lair.
  6469 | D:8      | HP: 1/81 [blink frog (4)]
  6470 | D:8      | Slain by a blink frog

Skill      XL: |  1  2  3  4  5  6  7  8  9 |
---------------+----------------------------+-----
Fighting       | 4 5 6 7 8 |  8.0
Polearms       | 4 5 6 7 8 |  8.0
Dodging        | 3 4 5 6 |  6.7
Armour         | 3 5 7 8 |  8.8
Stealth        | 1 |  1.0
Long Blades    | 1 3 4 |  4.8
Short Blades   | |  0.4

Action                   |  1- 3 |  4- 6 |  7- 9 || total
-------------------------+-------+-------+-------++-------
Melee: Spear             |    43 |       |       ||    43
       Headbutt          |     9 |    22 |    26 ||    57
       Short sword       |    18 |    11 |       ||    29
       Halberd           |       |   157 |    60 ||   217
       Great sword       |       |       |   125 ||   125
Invok: Berserk           |     1 |     2 |     3 ||     6
       Burn Spellbooks   |       |       |     1 ||     1
  Use: Scroll            |       |     8 |     1 ||     9
       Potion            |       |     2 |     1 ||     3
 Stab: Sleeping          |     1 |     1 |       ||     2
  Eat: Bread ration      |       |     2 |     3 ||     5
       Pizza             |       |     1 |       ||     1
       Beef jerky        |       |     1 |       ||     1
Armor: Animal skin       |    18 |     6 |       ||    24
       Chain mail        |       |    95 |   152 ||   247
Dodge: Dodged            |    35 |    77 |   134 ||   246
